cohdb
Replays
Latest Replays
All Replays
Popular Replays
Top Player Replays
Match Explorer
How It Works
Community
CoH3 Stats
Reddit
Sign in to upload your games and track your stats! →
Sign in with Steam
Match 38787885
Unlisted
Match 38787885
Overview
Messages
Build Orders
End
Pioneer Squad
Construct Infanterie Kompanie
Grenadier Squad
Selects Luftwaffe Battlegroup
Selects Luftwaffe Pioneer Support
MG 42 Machine Gun Team
Fallschirmpioneer Squad Paradrop
Medical Station
Construct Luftwaffe Kompanie
Flak 30 Anti-aircraft Gun Team
Jäger Squad
Luftwaffe Officer Quarters
Jäger Squad
Construct Panzer Kompanie
Selects LG40 Recoilless Gun Paradrop
Selects Reconnaissance Run
Stoßtruppen Squad
Reconnaissance Run
Panzer Officer Quarters
Selects Fallschirmjäger Squad Paradrop
ZuluKobra
Havoc
sharpshooter
jake
0
0
Comments
sign in to comment!
No comments posted yet!